 Dungeon Crawl Stone Soup version 0.29.1 (webtiles) character file.

Game seed: 11339540084362541486

12 fingers the Trooper (level 2, -8/24 HPs)
             Began as a Demonspawn Berserker on Sept 12, 2022.
             Was a Follower of Trog.
             Mangled by a kobold
             ... wielding a +0 whip of electrocution
              (16 damage)
             ... on level 1 of the Dungeon.
             The game lasted 00:00:54 (405 turns).

fingers the Trooper (Demonspawn Berserker)           Turns: 405, Time: 00:00:54

Health: -8/24      AC:  4    Str: 17    XL:     2   Next: 20%
Magic:  2/2        EV: 11    Int:  8    God:    Trog [*.....]
Gold:   0          SH:  3    Dex: 12    Spells: 1/1 levels left

rFire   . . .      SeeInvis .   a - +0 hand axe
rCold   . . .      Faith    .   c - +0 buckler
rNeg    + . .      Spirit   .   b - +0 animal skin
rPois   .          Reflect  .   (no helmet)
rElec   .          Harm     .   (no cloak)
rCorr   .          Rampage  .   (no gloves)
Will    .....                   (no boots)
Stlth   +.........              (no amulet)
HPRegen 0.08/turn               f - ring of positive energy
MPRegen 0.08/turn               (no ring)

@: on berserk cooldown, slowed, very slow
A: molten scales 1
a: Renounce Religion, Berserk


You were on level 1 of the Dungeon.
You worshipped Trog.
Trog was aware of your devotion.
You visited 1 branch of the dungeon, and saw 1 of its levels.

Inventory:

Hand Weapons
 a - a +0 hand axe (weapon)
Armour
 b - a +0 animal skin (worn)
 c - a +0 buckler (worn)
Jewellery
 f - a ring of positive energy (left hand)
Potions
 d - a potion of haste {unknown}
 e - a potion of degeneration {unknown}


   Skills:
 * Level 3.1 Fighting
 + Level 2.8 Axes
 + Level 1.9 Armour
 + Level 2.0 Dodging
 * Level 0.3 Shields


You had one spell level left.
You didn't know any spells.
Your spell library was empty.

Dungeon Overview and Level Annotations

Branches:
Dungeon (1/15)

Altars:

Shops:
D:1 (


Innate Abilities, Weirdness & Mutations

You are partially covered in molten scales. (AC +2)


Message History

You have reached level 2!
Your demonic ancestry asserts itself...
Molten scales grow over part of your body.
You completely miss the kobold.
The kobold is severely wounded.
You hit the hobgoblin.
You kill the hobgoblin!
Trog accepts your kill.
You closely miss the bat. You hit the ball python.
You kill the ball python!
Trog accepts your kill. You block the bat's attack.
The kobold hits you but does no damage.
Your Dodging skill increases to level 2!
You slash the kobold!
You kill the kobold!
Trog accepts your kill.
You barely miss the bat. The bat completely misses you.
The kobold throws a stone.
The stone barely misses you. The dart slug launches a dart at you.
The slug dart hits you.
You feel a strong urge to attack something.
The bat hits you but does no damage.
You see here a scroll labelled KEWKUBA METUSE.
You feel your anger nearly subside.
You are no longer berserk.
You are exhausted.
You feel yourself slow down. The bat hits you but does no damage.
The dart slug launches a dart at you. The slug dart misses you.
The bat barely misses you.
You barely miss the bat. The bat hits you but does no damage. The bat hits you.
The bat hits you. The bat hits you but does no damage.
You see here a ring of positive energy.
f - a ring of positive energy You block the bat's attack.
The bat barely misses you.
f - a ring of positive energy (left hand)
The bat misses you.
The kobold hits you with a +0 whip of electrocution.
You are electrocuted!
Ouch! That really hurt!
You die... ### #.# ##PP ###.#######.# ##PPP .......:..#.+ _P.PP

#@#.#g# ##P.P #K..#b#
##PP ##.######..#[# ###
.....$).?..#.############
...##)..................
#..†......############
#...K#.##∩..#
..w##.#.####.# .. . ..#
#.#


You could see a kobold.

Vanquished Creatures
  A dart slug (D:1)
  A bat (D:1)
  A hobgoblin (D:1)
  2 kobolds (D:1)
  2 quokkas (D:1)
  A ball python (D:1)
  A frilled lizard (D:1)
9 creatures vanquished.

Notes
Turn   | Place    | Note
-------+----------+-------------------------------------------
     0 | D:1      | fingers the Demonspawn Berserker began the quest for the
                  | Orb.
     0 | D:1      | Reached XP level 1. HP: 18/18 MP: 1/1
   342 | D:1      | Found a faded altar of an unknown god.
   372 | D:1      | Found Eset's Weapon Emporium.
   394 | D:1      | Gained mutation: You are partially covered in molten
                  | scales. (AC +2) [demonic ancestry]
   394 | D:1      | Reached XP level 2. HP: 20/24 MP: 2/2
   405 | D:1      | Mangled by a kobold

Illustrated notes

Levels and vault maps discovered:
D:1:      tarquinn_simple_flora_water_e, layout_basic, serial_shops, shop,
          shapermc_ecumenical_altar_flowoftime, hangedman_decor_peaks_small,
          chequers_serial_rivers_small_b, chequers_serial_rivers_micro_a

Skill      XL: |  1  2 |
---------------+-------+-----
Dodging        | 2 |  2.0
Fighting       | |  3.1
Axes           | |  2.8
Armour         | |  1.9
Shields        | |  0.3

Action                   || total
-------------------------++-------
Melee: Hand axe          ||    39
       Punch             ||     1
Invok: Berserk           ||     1
Armor: Animal skin       ||    25
Dodge: Dodged            ||    40
Block: Buckler           ||     9
